3135 views
Uploaded 2020-04-22 19:18:52
Game version 1.32.3
11:21 long 2on2 ladder game on (6)GnollWood
Saved by zebroni
3135 views
Uploaded 2020-04-22 19:18:52
Game version 1.32.3
11:21 long 2on2 ladder game on (6)GnollWood
37 units @ 6k
/ 0.8k
24 buildings @ 3.2k
/ 1.3k


| Peasant | 8 | 600 | / | 0 |
| Rifleman | 12 | 2460 | / | 360 |
| total: | 20 | 3060g | / | 360w |
| Blacksmith | 1 | 140 | / | 60 |
| Barracks | 1 | 160 | / | 60 |
| Altar of Kings | 1 | 180 | / | 50 |
| Farm | 7 | 560 | / | 140 |
| Keep | 1 | 320 | / | 210 |
| Castle | 1 | 360 | / | 210 |
| total: | 10 | 1040g | / | 310w |
| 0:03 | Peasant |
| 0:03 | Peasant |
| 0:21 | Peasant |
| 0:40 | Blacksmith |
| 0:43 | Peasant |
| 0:49 | Barracks |
| 0:54 | Altar of Kings |
| 0:59 | Peasant |
| 1:08 | Farm |
| 1:12 | Peasant |
| 1:23 | Farm |
| 1:32 | Peasant |
| 2:05 | Rifleman |
| 2:07 | Farm |
| 2:15 | Peasant |
| 2:28 | Rifleman |
| 2:52 | Holy Light |
| 3:11 | Keep |
| 3:22 | Rifleman |
| 3:41 | Rifleman |
| 3:47 | Farm |
| 4:19 | Black Gunpowder |
| 4:33 | Rifleman |
| 4:35 | Farm |
| 4:37 | Devotion Aura |
| 5:06 | Rifleman |
| 5:25 | Rifleman |
| 6:16 | Long Rifles |
| 6:17 | Studded Leather Armor |
| 6:27 | Rifleman |
| 6:45 | Siphon Mana |
| 6:55 | Castle |
| 6:56 | Farm |
| 6:59 | Farm |
| 7:25 | Reinforced Leather Armor |
| 7:37 | Rifleman |
| 8:33 | Holy Light |
| 9:07 | Rifleman |
| 9:30 | Rifleman |
| 9:43 | Rifleman |
| 9:54 | Refined Gunpowder |
| 11:15 | Banish |


| Rod of Necromancy | 2 | 300 |
| total: | 2 | 300g |
| Acolyte | 2 | 150 | / | 0 |
| Ghoul | 4 | 480 | / | 0 |
| Crypt Fiend | 8 | 1720 | / | 320 |
| Obsidian Statue | 3 | 600 | / | 105 |
| total: | 17 | 2950g | / | 425w |
| Ziggurat | 6 | 900 | / | 300 |
| Altar of Darkness | 2 | 360 | / | 100 |
| Crypt | 1 | 200 | / | 50 |
| Graveyard | 1 | 215 | / | 0 |
| Tomb of Relics | 1 | 130 | / | 30 |
| Slaughterhouse | 1 | 140 | / | 135 |
| Sacrificial Pit | 1 | 75 | / | 150 |
| Boneyard | 1 | 175 | / | 200 |
| Halls of the Dead | 1 | 320 | / | 210 |
| Black Citadel | 1 | 325 | / | 230 |
| total: | 14 | 2195g | / | 965w |
| 0:03 | Acolyte |
| 0:03 | Acolyte |
| 0:10 | Ziggurat |
| 0:26 | Altar of Darkness |
| 0:29 | Altar of Darkness |
| 0:36 | Crypt |
| 1:01 | Graveyard |
| 1:18 | Tomb of Relics |
| 1:27 | Ziggurat |
| 1:41 | Ghoul |
| 1:54 | Ghoul |
| 2:07 | Ziggurat |
| 2:20 | Ghoul |
| 2:28 | Frost Nova |
| 2:40 | Crypt Fiend |
| 2:41 | Crypt Fiend |
| 3:04 | Crypt Fiend |
| 3:42 | Ghoul |
| 3:46 | Halls of the Dead |
| 4:05 | Rod of Necromancy |
| 4:23 | Crypt Fiend |
| 4:50 | Crypt Fiend |
| 5:41 | Frost Armor |
| 6:18 | Slaughterhouse |
| 6:19 | Sacrificial Pit |
| 6:22 | Black Citadel |
| 6:42 | Burrow |
| 6:54 | Crypt Fiend |
| 7:06 | Ziggurat |
| 7:16 | Impale |
| 7:21 | Rod of Necromancy |
| 7:59 | Obsidian Statue |
| 8:42 | Frost Nova |
| 8:51 | Obsidian Statue |
| 8:52 | Crypt Fiend |
| 9:32 | Crypt Fiend |
| 9:33 | Obsidian Statue |
| 10:11 | Boneyard |
| 10:41 | Destroyer Form |
| 10:45 | Ziggurat |
| 10:46 | Ziggurat |
59 units @ 7.8k
/ 0.7k
26 buildings @ 3.5k
/ 1.5k


| Peasant | 9 | 675 | / | 0 |
| Footman | 11 | 1485 | / | 0 |
| Spell Breaker | 12 | 2580 | / | 360 |
| Priest | 1 | 135 | / | 10 |
| Sorceress | 2 | 310 | / | 40 |
| Forest Troll Shadow Priest | 1 | 195 | / | 10 |
| total: | 36 | 5380g | / | 420w |
| Scout Tower | 1 | 30 | / | 20 |
| Arcane Tower | 2 | 140 | / | 100 |
| Altar of Kings | 1 | 180 | / | 50 |
| Barracks | 1 | 160 | / | 60 |
| Farm | 6 | 480 | / | 120 |
| Lumber Mill | 1 | 120 | / | 0 |
| Arcane Vault | 1 | 130 | / | 30 |
| Arcane Sanctum | 3 | 450 | / | 420 |
| Keep | 2 | 640 | / | 420 |
| total: | 14 | 1550g | / | 700w |
| 0:03 | Peasant |
| 0:07 | Altar of Kings |
| 0:14 | Peasant |
| 0:22 | Barracks |
| 0:30 | Peasant |
| 0:36 | Farm |
| 0:40 | Peasant |
| 0:53 | Farm |
| 1:00 | Peasant |
| 1:08 | Peasant |
| 1:26 | Scout Tower |
| 1:28 | Footman |
| 1:29 | Footman |
| 1:33 | Peasant |
| 1:34 | Peasant |
| 1:46 | Farm |
| 1:49 | Footman |
| 1:57 | Arcane Tower |
| 2:12 | Footman |
| 2:16 | Summon Water Elemental |
| 2:23 | Peasant |
| 2:29 | Footman |
| 2:52 | Keep |
| 3:11 | Defend |
| 3:15 | Lumber Mill |
| 3:41 | Farm |
| 3:46 | Footman |
| 3:48 | Arcane Vault |
| 4:05 | Brilliance Aura |
| 4:21 | Footman |
| 4:22 | Footman |
| 4:49 | Footman |
| 4:49 | Footman |
| 5:09 | Footman |
| 6:07 | Arcane Sanctum |
| 6:07 | Arcane Sanctum |
| 6:14 | Arcane Sanctum |
| 6:35 | Farm |
| 6:36 | Farm |
| 6:48 | Storm Bolt |
| 6:53 | Spell Breaker |
| 7:11 | Forest Troll Shadow Priest |
| 7:35 | Priest |
| 7:52 | Spell Breaker |
| 8:29 | Spell Breaker |
| 8:43 | Spell Breaker |
| 9:08 | Spell Breaker |
| 9:35 | Spell Breaker |
| 9:35 | Spell Breaker |
| 9:49 | Spell Breaker |
| 9:49 | Spell Breaker |
| 10:02 | Spell Breaker |
| 10:02 | Spell Breaker |
| 10:14 | Magic Sentry |
| 10:28 | Sorceress |
| 10:41 | Sorceress |
| 11:06 | Spell Breaker |

| Lesser Clarity Potion | 1 | 70 |
| Staff of Preservation | 1 | 150 |
| Potion of Healing | 2 | 300 |
| Potion of Mana | 1 | 200 |
| total: | 5 | 720g |
| Wisp | 16 | 960 | / | 0 |
| Huntress | 4 | 780 | / | 80 |
| Dryad | 2 | 290 | / | 120 |
| Mountain Giant | 1 | 350 | / | 100 |
| total: | 23 | 2380g | / | 300w |
| Ancient Protector | 1 | 135 | / | 80 |
| Altar of Elders | 1 | 180 | / | 50 |
| Moon Well | 5 | 900 | / | 200 |
| Ancient of War | 1 | 150 | / | 60 |
| Hunter's Hall | 1 | 210 | / | 100 |
| Ancient of Wonders | 1 | 90 | / | 30 |
| Ancient of Lore | 2 | 310 | / | 290 |
| Tree of Ages | 1 | 320 | / | 180 |
| Tree of Eternity | 1 | 330 | / | 200 |
| total: | 12 | 1975g | / | 810w |
| 0:02 | Wisp |
| 0:02 | Wisp |
| 0:08 | Altar of Elders |
| 0:18 | Moon Well |
| 0:21 | Wisp |
| 0:22 | Wisp |
| 0:31 | Wisp |
| 0:32 | Wisp |
| 0:32 | Wisp |
| 0:50 | Wisp |
| 0:50 | Wisp |
| 1:06 | Wisp |
| 1:20 | Wisp |
| 1:53 | Ancient of War |
| 1:56 | Hunter's Hall |
| 2:00 | Wisp |
| 2:08 | Moon Well |
| 2:12 | Wisp |
| 2:25 | Entangling Roots |
| 2:47 | Wisp |
| 3:03 | Tree of Ages |
| 3:12 | Ultravision |
| 3:27 | Huntress |
| 3:50 | Moon Well |
| 3:59 | Huntress |
| 4:23 | Ancient of Wonders |
| 4:24 | Huntress |
| 5:31 | Huntress |
| 6:03 | Wisp |
| 6:03 | Wisp |
| 6:05 | Ancient of Lore |
| 6:05 | Ancient of Lore |
| 6:46 | Tree of Eternity |
| 7:11 | Moon Well |
| 7:16 | Force of Nature |
| 7:25 | Dryad |
| 7:36 | Abolish Magic |
| 7:36 | Dryad |
| 8:00 | Lesser Clarity Potion |
| 8:01 | Staff of Preservation |
| 8:13 | Ancient Protector |
| 8:36 | Mountain Giant |
| 9:17 | Potion of Healing |
| 9:33 | Hardened Skin |
| 9:33 | Resistant Skin |
| 10:18 | Potion of Mana |
| 10:20 | Potion of Healing |
| 10:26 | Moon Well |
⇛